 Dungeon Crawl Stone Soup version 0.30.0-29-ga12c61a403 (webtiles) character file.

Game seed: 9668604666282717407

17636 Peloso the Carver (level 12, 0/106 HPs)
             Began as a Minotaur Fighter on June 6, 2023.
             Was a High Priest of Okawaru.
             Slain by a fire elemental (7 damage)
             ... summoned by a deep elf pyromancer
             ... on level 12 of the Dungeon.
             The game lasted 00:24:44 (11980 turns).

Peloso the Carver (Minotaur Fighter)               Turns: 11980, Time: 00:24:44

Health: 0/106      AC: 30    Str: 27    XL:     12   Next: 20%
Magic:  0/11       EV:  9    Int:  5    God:    Okawaru [*****.]
Gold:   570        SH: 12    Dex: 13    Spells: 11/11 levels left

rFire   . . .        a - +3 long sword of Xom's Supremacy {elec, rElec Str+4}
rCold   . . .        d - +0 buckler
rNeg    . . .        z - +7 plate armour of Yred {rPois Regen+}
rPois   +            (helmet restricted)
rElec   +            p - +1 cloak
rCorr   .            y - +0 pair of gloves {infuse}
SInv    .            (no boots)
Will    .....        l - amulet of reflection Stlth
                     o - +4 ring of protection
HPRegen 1.17/turn    (no ring)
MPRegen 0.12/turn

%: reflection
@: studying Armour
A: horns 2, retaliatory headbutt
a: Renounce Religion, Heroism, Finesse, Duel


You were on level 12 of the Dungeon.
You worshipped Okawaru.
Okawaru was extremely pleased with you.
You visited 2 branches of the dungeon, and saw 13 of its levels.
You visited the Abyss 1 time.

You collected 596 gold pieces.
You spent 26 gold pieces at shops.

Inventory:

Hand Weapons
 a - the +3 long sword of Xom's Supremacy (weapon) {elec, rElec Str+4}
   (You found it on level 5 of the Dungeon)

   Str:       It affects your strength (+4).
   rElec:     It insulates you from electricity.
 b - the +10 spear of Vengeance {heavy, rPois rC- Str+3 Int+2}
   (You found it on level 8 of the Dungeon)

   Str:       It affects your strength (+3).
   Int:       It affects your intelligence (+2).
   rC:        It makes you vulnerable to cold.
   rPois:     It protects you from poison.
 c - a +2 hand axe of flaming
Armour
 d - a +0 buckler (worn)
 p - a +1 cloak (worn)
 y - a +0 pair of gloves of infusion (worn)
 z - the +7 plate armour of Yred (worn) {rPois Regen+}
   (Okawaru gifted it to you on level 11 of the Dungeon)

   rPois:     It protects you from poison.
   Regen:     It increases your rate of health regeneration.
Jewellery
 k - a +6 ring of intelligence
 l - an amulet of reflection (around neck)
 o - a +4 ring of protection (left hand)
 x - a ring of magical power
 A - a ring of flight
 B - an amulet of guardian spirit
 F - a ring of magical power
Wands
 g - a wand of flame (39)
 E - a wand of iceblast (4)
 I - a wand of light (9)
 N - a wand of polymorph (6)
Scrolls
 f - a scroll of amnesia
 j - a scroll of magic mapping
 n - a scroll of fog
 q - a scroll of summoning {unknown}
 s - 5 scrolls of teleportation
 u - 4 scrolls of poison
 D - 2 scrolls of fear
 G - a scroll of blinking
 H - 2 scrolls of enchant weapon {unknown}
 J - a scroll of enchant armour
Potions
 e - 4 potions of curing
 h - 3 potions of flight
 i - 2 potions of haste
 m - 2 potions of might
 r - a potion of invisibility
 t - a potion of magic
 v - a potion of brilliance
 w - a potion of berserk rage
 C - a potion of mutation
Miscellaneous
 K - a piece from Xom's chessboard (15/15)
 M - a phial of floods


   Skills:
 + Level 9.9 Fighting
 + Level 14.0 Long Blades
 + Level 12.2 Armour
 + Level 4.7 Dodging
 + Level 2.6 Stealth
 + Level 12.0 Shields
 + Level 1.2 Unarmed Combat
 + Level 1.2 Invocations


You had 11 spell levels left.
You didn't know any spells.
Your spell library contained the following spells:

 Spells                   Type           Power      Damage    Failure   Level
 Apportation              Tloc           0%         N/A       99%         1
 Sublimation of Blood     Necr           0%         N/A       100%        2
 Wereblood                Tmut           0%         N/A       100%        2
 Vhi's Electric Charge    Tloc/Air       0%         N/A       100%        3
 Cause Fear               Hex            0%         N/A       100%        4
 Passage of Golubria      Tloc           0%         N/A       100%        4
 Alistair's Intoxication  Tmut/Pois      0%         N/A       100%        5
 Arcjolt                  Conj/Air       0%         1d10      100%        5
 Silence                  Hex/Air        0%         N/A       100%        5
 Yara's Violent Unravell  Hex/Tmut       0%         3d3       100%        5
 Plasma Beam              Fire/Air       0%         2x1d11    100%        6
 Dragon Form              Tmut           0%         N/A       100%        7
 Lehudib's Crystal Spear  Conj/Erth      0%         10d2      100%        8
 Tukima's Dance           Hex            Unusable   N/A       N/A         3
 Summon Hydra             Summ           Unusable   N/A       N/A         7
 Dragon's Call            Summ           Unusable   N/A       N/A         9

Dungeon Overview and Level Annotations

Branches:
Dungeon (12/15)            Temple (1/1) D:5            Lair (0/5) D:10
    Orc (0/2) D:11

Altars:
Ashenzari
Cheibriados
Dithmenos
Elyvilon
Fedhas
Gozag
Hepliaklqana
Kikubaaqudgha
Makhleb
Nemelex Xobeh
Okawaru
Qazlal
Ru
Sif Muna
Trog
Uskayaw
Vehumet
Wu Jian
Xom
Yredelemnul
Zin
The Shining One

Shops:
D:8 *


Innate Abilities, Weirdness & Mutations

You have a pair of horns on your head.
You reflexively headbutt those who attack you in melee.


Message History

The fire elemental hits you. The fire elemental burns you!
The fire elemental hits you. The fire elemental burns you!
* * * LOW HITPOINT WARNING * * *
You block the fire elemental's attack.
Okay, then.
Blink to where?
Press: ? - help, Dir - move target
As you read the scroll of blinking, it crumbles to dust.
You slash the deep elf pyromancer!
Lightning courses through the deep elf pyromancer!
The deep elf pyromancer is heavily wounded.
The deep elf pyromancer hits you with a +0 short sword.
* * * LOW HITPOINT WARNING * * *
You block the fire elemental's attack.
You slash the deep elf pyromancer!
The deep elf pyromancer is almost dead.
The fire elemental hits you. The fire elemental burns you!
* * * LOW HITPOINT WARNING * * *
The deep elf pyromancer casts a spell at you.
You block sticky flame... and reflect it back!
The sticky flame hits the deep elf pyromancer!
You kill the deep elf pyromancer!
Okawaru accepts your kill.
Your Long Blades skill increases to level 14!
You block the fire elemental's attack. The fire elemental hits you.
The fire elemental burns you!
* * * LOW HITPOINT WARNING * * *
There is a stone staircase leading up, spattered with blood here.
Things that are here:
a +0 short sword; an elf corpse You feel better.
You block the fire elemental's attack. The fire elemental barely misses you.
You furiously retaliate!
You headbutt the fire elemental. The fire elemental hits you.
The fire elemental burns you!
* * * LOW HITPOINT WARNING * * *
The fire elemental hits you. The fire elemental burns you!
* * * LOW HITPOINT WARNING * * *
The fire elemental hits you. You block the fire elemental's attack.
The fire elemental hits you. The fire elemental burns you!
You die...

# #....#...... # #..........
###.......###. #........##
.## #.#.....## .. #...#...##
###.
#.#.#.......#...######.#
.......................#
...#............@..#
>..............EEE.#
....#...........☼°°#
................e.e#
....##......#.####.###
..............#.☼§)..#
..####.........°####.#######
...# ....##...☼..☼..E.....
...# .. #.....#)§#..#..#


You could see 2 deep elf pyromancers and 3 fire elementals.

Vanquished Creatures
  A two-headed ogre (D:11)
  A deep elf knight (D:12)
  A wizard (D:12)
  3 deep elf pyromancers (D:12)
  3 deep elf zephyrmancers (D:12)
  3 manticores
  A cyclops (D:10)
  A komodo dragon (D:12)
  Psyche (D:8)
  2 trolls
  5 large abominations (D:12)
  Sigmund (D:4)
  2 wyverns
  14 yaks
  A vampire (D:11)
  A wraith (D:10)
  Edmund (D:6)
  Menkaure (D:6)
  7 vampire mosquitoes (D:11)
  A steam dragon (D:9)
  An acid dragon (D:12)
  3 water moccasins
  Duvessa (D:7)
  7 small abominations (D:12)
  A sky beast (D:6)
  3 orc warriors
  An ice beast (D:7)
  2 ogres (D:6)
  2 centaurs
  3 phantoms
  2 bullfrogs (D:9)
  4 gnoll sergeants
  2 scorpions (D:6)
  4 wights (D:10)
  Dowan (D:7)
  11 killer bees
  7 electric eels (D:6)
  A howler monkey (D:11)
  4 jellies
  10 orc priests
  4 hounds
  6 iguanas
  16 orc wizards
  9 adders
  18 gnolls
  2 river rats (D:3)
  3 white imps
  An ufetubus (D:6)
  A worm (D:3)
  4 dart slugs
  42 orcs
  5 endoplasms
  6 giant cockroaches
  7 goblins
  4 hobgoblins
  6 kobolds
  3 quokkas
  10 ball pythons
  6 bats
  5 frilled lizards
  3 rats
282 creatures vanquished.

Notes
Turn   | Place    | Note
-------+----------+-------------------------------------------
     0 | D:1      | Peloso the Minotaur Fighter began the quest for the Orb.
     0 | D:1      | Reached XP level 1. HP: 19/19 MP: 0/0
   370 | D:1      | Reached XP level 2. HP: 23/27 MP: 1/1
   552 | D:1      | You fall into a shaft and drop 1 floor!
   653 | D:2      | Reached XP level 3. HP: 33/33 MP: 2/2
   826 | D:2      | Reached skill level 3 in Long Blades
   831 | D:2      | Reached skill level 1 in Dodging
   839 | D:2      | Reached XP level 4. HP: 18/40 MP: 3/3
  1036 | D:2      | Found a faded altar of an unknown god.
  1451 | D:3      | Reached skill level 4 in Long Blades
  1451 | D:3      | Reached XP level 5. HP: 39/47 MP: 4/4
  1908 | D:3      | Found an ancient bone altar of Kikubaaqudgha.
  2391 | D:4      | Reached skill level 5 in Armour
  2411 | D:4      | Reached XP level 6. HP: 50/53 MP: 5/5
  2429 | D:4      | Noticed Sigmund
  2442 | D:4      | Killed Sigmund
  2443 | D:4      | Reached skill level 5 in Long Blades
  2443 | D:4      | Reached skill level 5 in Shields
  2466 | D:4      | Reached XP level 7. HP: 60/60 MP: 6/6
  2790 | D:5      | Entered Level 5 of the Dungeon
  3030 | D:5      | Found a staircase to the Ecumenical Temple.
  3044 | Temple   | Entered the Ecumenical Temple
  3349 | D:5      | Found a bloodstained altar of Trog.
  3399 | D:5      | Reached skill level 5 in Fighting
  3399 | D:5      | Reached skill level 6 in Long Blades
  3452 | D:5      | Identified the +3 long sword of Xom's Supremacy {elec,
                  | rElec Str+4}
  3726 | D:6      | Noticed Menkaure
  3731 | D:6      | Killed Menkaure
  3735 | D:6      | Found an iron altar of Okawaru.
  3751 | D:6      | Became a worshipper of Warmaster Okawaru
  3899 | D:6      | Reached skill level 7 in Long Blades
  3899 | D:6      | Reached XP level 8. HP: 66/69 MP: 7/7
  4239 | D:6      | Reached * piety under Okawaru
  4240 | D:6      | Reached skill level 8 in Long Blades
  4588 | D:6      | Found a glowing silver altar of Zin.
  4715 | D:6      | Identified the +1 plate armour of the Nightingale {+Inv
                  | Str-2 Dex+5}
  5075 | D:6      | Noticed Edmund
  5085 | D:6      | Killed Edmund
  5086 | D:6      | Reached skill level 9 in Long Blades
  5086 | D:6      | Reached XP level 9. HP: 63/75 MP: 8/8
  5263 | D:6      | Found a shimmering altar of Xom.
  5265 | D:6      | Found a snail-covered altar of Cheibriados.
  5478 | D:7      | Noticed Dowan
  5482 | D:7      | Noticed Duvessa
  5500 | D:7      | Killed Duvessa
  5739 | D:7      | Killed Dowan
  5769 | D:7      | Found an opulent altar of Gozag.
  5966 | D:7      | Reached ** piety under Okawaru
  6126 | D:7      | Noticed a manticore
  6134 | D:7      | Killed a manticore
  6135 | D:7      | Reached skill level 10 in Long Blades
  6177 | D:7      | Found an ornate altar of the Wu Jian Council.
  6888 | D:8      | Noticed Psyche
  6893 | Abyss:1  | Found a corrupted altar of Lugonu.
  6893 | Abyss:1  | Cast into level 1 of the Abyss (Psyche)
  6904 | D:8      | Escaped the Abyss
  6934 | D:8      | Killed Psyche
  6934 | D:8      | Reached *** piety under Okawaru
  6940 | D:8      | Reached XP level 10. HP: 51/84 MP: 9/9
  7043 | D:8      | Found Saogu's General Store.
  7050 | D:8      | Bought a scroll of identify for 26 gold pieces
  7084 | D:8      | Identified the +10 spear of Vengeance {heavy, rPois rC-
                  | Str+3 Int+2}
  7125 | D:8      | Noticed a manticore
  7136 | D:8      | Killed a manticore
  7581 | D:9      | Reached skill level 1 in Stealth
  7590 | D:9      | Reached skill level 1 in Unarmed Combat
  7599 | D:9      | Reached **** piety under Okawaru
  7925 | D:9      | Found a radiant altar of Vehumet.
  8802 | D:10     | Entered Level 10 of the Dungeon
  8855 | D:10     | Reached skill level 11 in Long Blades
  8862 | D:10     | Noticed a cyclops
  8873 | D:10     | Killed a cyclops
  8874 | D:10     | Reached skill level 10 in Armour
  9057 | D:10     | Found a staircase to the Lair.
  9225 | D:10     | Reached ***** piety under Okawaru
  9394 | D:10     | Found a glowing golden altar of the Shining One.
  9767 | D:11     | Reached skill level 10 in Shields
  9767 | D:11     | Reached XP level 11. HP: 82/94 MP: 7/10
  9820 | D:11     | Found a staircase to the Orcish Mines.
  9829 | D:11     | Noticed a two-headed ogre
  9838 | D:11     | Killed a two-headed ogre
 10058 | D:11     | Reached skill level 12 in Long Blades
 10347 | D:11     | Identified the +7 plate armour of Yred {rPois Regen+}
                  | (Okawaru gifted it to you on level 11 of the Dungeon)
 10347 | D:11     | Received a gift from Okawaru
 11341 | D:12     | Reached skill level 13 in Long Blades
 11429 | D:12     | Noticed a wizard
 11435 | D:12     | Killed a wizard
 11469 | D:12     | Noticed a large abomination
 11469 | D:12     | Noticed a large abomination
 11505 | D:12     | Killed a large abomination
 11514 | D:12     | Killed a large abomination
 11568 | D:12     | Reached skill level 1 in Invocations
 11587 | D:12     | Noticed a large abomination
 11598 | D:12     | Killed a large abomination
 11781 | D:12     | Noticed a deep elf zephyrmancer
 11788 | D:12     | Noticed a deep elf zephyrmancer
 11791 | D:12     | Noticed a deep elf pyromancer
 11859 | D:12     | Killed a deep elf pyromancer
 11868 | D:12     | Killed a deep elf zephyrmancer
 11869 | D:12     | Reached XP level 12. HP: 105/105 MP: 1/11
 11970 | D:12     | Received a gift from Okawaru
 11978 | D:12     | Reached skill level 14 in Long Blades
 11978 | D:12     | HP: 2/106 [fire elemental[a deep elf pyromancer] (10)]
 11980 | D:12     | Slain by a fire elemental

Illustrated notes

Levels and vault maps discovered:
D:1:      lightli_arrival_maybe_door_vault, layout_loops_corners
D:2:      layout_rooms, shapermc_ecumenical_altar_gd
D:3:      minmay_spotlight, layout_loops_ring, kiku_gazebo_garden_becter,
          portal_sewer_entry_b
D:4:      layout_cave_pools, ebering_dispersal_statue_hall, st_stairs_10,
          uniq_sigmund
D:5:      layout_loops_ring, trog_book, minmay_temple_entry_ruins
D:6:      layout_basic, gammafunk_temple_overflow_statue, zin_academy,
          okawaru_gym_becter, serial_bayou, serial_bayou_ford_a,
          serial_bayou_crossing, serial_bayou_lagoon_a, serial_bayou_lagoon_b,
          serial_bayou_pond_d, kennysheep_big_empty_room,
          minmay_tree_intersection, uniq_edmund, uniq_menkaure
D:7:      layout_rooms, mainiacjoe_overflow_cross_hatched,
          nicolae_overflow_crystal_walls, uniq_duvessa
D:8:      layout_gridville, serial_shops, shop_fountains, uniq_psyche
D:9:      layout_basic, mainiacjoe_overflow_alcove_1, serial_co_window_serial,
          co_window_of_opportunity_a, co_window_paths_a, co_window_paths_a,
          co_window_paths_b, co_window_cross_1, co_window_2corner,
          co_window_corner_b, co_window_of_opportunity_b, co_window_4corner_a,
          glass_columns_a, glass_columns_c, glass_columns_b, glass_columns_a
D:10:     layout_cave_pools, tso_oasis_becter, dpeg_oklobed_lair
D:11:     layout_stronghold, orc_0_dummy
D:12:     minmay_elf_outpost, layout_basic, laboratory
Temple:   nicolae_temple_slightly_damp_pantheon

Skill      XL: |  1  2  3  4  5  6  7  8  9 10 11 12 |
---------------+-------------------------------------+-----
Armour         | 4 5 7 9 10 11 12 | 12.2
Fighting       | 4 5 6 8 9 |  9.9
Shields        | 4 5 6 8 10 11 12 | 12.0
Long Blades    | 3 4 5 7 9 10 11 13 14 | 14.0
Dodging        | 1 2 3 4 |  4.7
Stealth        | 2 |  2.6
Unarmed Combat | 1 |  1.2
Invocations    | 1 |  1.2

Action                     |  1- 3 |  4- 6 |  7- 9 | 10-12 || total
---------------------------+-------+-------+-------+-------++-------
  Melee: Long sword        |    72 |   132 |   312 |   404 ||   920
         Headbutt          |    11 |    17 |    58 |    76 ||   162
         Unarmed           |       |       |    10 |       ||    10
 Invoke: Heroism           |       |       |     2 |     3 ||     5
  Evoke: Wand              |       |       |     1 |       ||     1
    Use: Scroll            |       |     6 |     5 |     9 ||    20
         Potion            |       |     3 |     4 |     1 ||     8
   Stab: Confused          |       |       |     3 |       ||     3
 Armour: Scale mail        |    28 |    56 |     5 |       ||    89
         Plate armour      |       |       |   168 |   205 ||   373
         Skin              |       |       |     4 |       ||     4
  Dodge: Dodged            |    35 |    63 |   117 |   140 ||   355
  Block: Buckler           |    14 |    68 |   161 |   252 ||   495
         Reflection        |       |     2 |     3 |     9 ||    14
         Other             |       |       |     1 |       ||     1
